 Dungeon Crawl Stone Soup version 0.20-a0-350-ga83eecc (webtiles) character file.

69 RumaTero the Ruffian (level 4, -10/37 HPs)
             Began as a Draconian Transmuter on Dec 24, 2016.
             Mangled by an ogre
             ... wielding a +0 giant club
              (20 damage)
             ... on level 3 of the Dungeon.
             The game lasted 00:04:11 (1467 turns).

RumaTero the Ruffian (Draconian Transmuter)         Turns: 1467, Time: 00:04:12

Health: -10/37     AC:  5    Str: 12    XL:     4   Next: 2%
Magic:  2/7        EV: 12    Int: 15    God:
Gold:   105        SH:  0    Dex: 11    Spells: 4/7 levels left

rFire  . . .     SeeInvis .     p - +2 hand axe (venom)
rCold  . . .     Gourm    .     (armour unavailable)
rNeg   . . .     Faith    .     (no shield)
rPois  .         Spirit   .     (helmet restricted)
rElec  .         Reflect  .     (no cloak)
rCorr  .         Harm     .     (no gloves)
MR     .....                    (no boots)
Stlth  +.........               (no amulet)
                                (no ring)
                                (no ring)

@: very slightly contaminated
A: unfitting armour, cold-blooded, AC +5
a: no special abilities


You were on level 3 of the Dungeon.
You were not hungry.

You visited 1 branch of the dungeon, and saw 3 of its levels.

You collected 105 gold pieces.

Inventory:

Hand Weapons
 p - a +2 hand axe of venom (weapon)
Missiles
 a - 26 arrows
Armour
 e - a +0 buckler
 n - a +0 robe
Scrolls
 d - 2 scrolls of fear {unknown}
 g - 2 scrolls of amnesia {unknown}
 h - 4 scrolls of remove curse {unknown}
 i - a scroll of identify {unknown}
 j - 2 scrolls of enchant armour {unknown}
 k - a scroll of enchant weapon {unknown}
 l - a scroll of teleportation {unknown}
 q - a scroll of noise {unknown}
Potions
 o - a potion of ambrosia {unknown}
 r - a potion of heal wounds {unknown}
 s - a potion of brilliance {unknown}
Books
 b - a book of Changes

   Spells                             Type                      Level
   a - Beastly Appendage              Transmutation                1
   b - Sticks to Snakes               Transmutation                2
   c - Spider Form                    Transmutation/Poison         3
   d - Ice Form                       Ice/Transmutation            4
   e - Blade Hands                    Transmutation                5
Comestibles
 c - 2 bread rations
 f - 2 meat rations
 m - a chunk of flesh


   Skills:
 + Level 2.4 Fighting
 - Level 1.7 Dodging
 * Level 4.1 Unarmed Combat
 - Level 2.0 Spellcasting
 + Level 2.5 Transmutations


You had 4 spell levels left.
You knew the following spells:

 Your Spells              Type           Power        Failure   Level  Hunger
a - Beastly Appendage     Tmut           #.....       10%         1    #......
b - Sticks to Snakes      Tmut           #.......     12%         2    ###....


Dungeon Overview and Level Annotations

Branches:
Dungeon (3/15)

Altars:
The Shining One

Annotations:
D:3 Robin; RumaTero's ghost, amateur DrTm


Innate Abilities, Weirdness & Mutations

Your plain brown scales are hard. (AC +5)
You cannot fit into any form of body armour.
You are cold-blooded and may be slowed by cold attacks.


Message History

Your ball python bites the ogre but does no damage.
Your ball python bites the ogre.
The ogre hits your ball python with a giant club!
Your ball python dies!
Your ball python bites the ogre but does no damage.
You barely miss RumaTero's ghost. RumaTero's ghost barely misses you.
Your ball python closely misses the ogre.
A rat comes into view.
You barely miss the ogre.
Your tail-slap misses the ogre.
The ogre is lightly wounded.
You barely miss RumaTero's ghost.
RumaTero's ghost says very slowly, "There's no hope."
RumaTero's ghost misses you. The ogre hits you with a giant club!
* * * LOW HITPOINT WARNING * * *
Your ball python bites the ogre.
RumaTero's ghost completely misses you.
You hit the ogre.
The ogre is poisoned.
The ogre is lightly wounded.
You barely miss RumaTero's ghost. The ogre hits you with a giant club!!
Ouch! That really hurt!
You die...

. ... #(...#####
#..r.W@# #..###O# #
#S## #..# ##[# #.#
##########
...###.###.........
............########.#
....###....######....#


You could see an ogre, RumaTero's ghost, a rat and a friendly ball python.

Vanquished Creatures
  An ooze (D:2)
  3 worms
  A dart slug (D:1)
  5 orcs (D:3)
  4 bats (D:2)
  2 giant cockroaches (D:1)
  8 goblins
  2 hobgoblins (D:2)
  3 jackals (D:2)
  A quokka (D:2)
  A ball python (D:2)
  2 frilled lizards
  4 kobolds
  3 rats
40 creatures vanquished.

Vanquished Creatures (collateral kills)
  An adder (D:2)
1 creature vanquished.

Grand Total: 41 creatures vanquished

Notes
Turn   | Place    | Note
-------+----------+-------------------------------------------
     0 | D:1      | RumaTero the Draconian Transmuter began the quest for the Orb.
     0 | D:1      | Reached XP level 1. HP: 16/16 MP: 3/3
   375 | D:1      | Reached XP level 2. HP: 23/23 MP: 5/5
   539 | D:2      | Learned a level 2 spell: Sticks to Snakes
   581 | D:2      | Reached XP level 3. HP: 22/29 MP: 6/6
   901 | D:2      | Found a glowing golden altar of the Shining One.
  1066 | D:3      | Noticed Robin
  1196 | D:2      | Reached skill level 4 in Unarmed Combat
  1457 | D:3      | Noticed an ogre
  1457 | D:3      | Reached XP level 4. HP: 37/37 MP: 7/7
  1462 | D:3      | Noticed RumaTero's ghost (amateur DrTm)
  1467 | D:3      | Mangled by an ogre

Vault maps used:
D:1:      grunt_arrival_crossed_arrows
D:2:      lemuel_doored_altar, first_bread
D:3:      chequers_ecumenical_altar_grove, uniq_robin, uniq_purgy,
          uniq_crazy_yiuf_cottage, uniq_sigmund

Skill      XL: |  1  2  3 |
---------------+----------+-----
Fighting       | 2 |  2.4
Unarmed Combat | 4 |  4.1
Dodging        | |  1.7
Spellcasting   | |  2.0
Transmutations | |  2.5

Action                   |  1- 3 |  4- 6 || total
-------------------------+-------+-------++-------
Melee: Unarmed           |    72 |       ||    72
       Tailslap          |    11 |       ||    11
       Punch             |     3 |       ||     3
       Hand axe          |    28 |     3 ||    31
 Cast: Sticks to Snakes  |     1 |     2 ||     3
  Eat: Chunk             |     2 |       ||     2
Armor: Skin              |    31 |       ||    31
Dodge: Dodged            |    60 |     3 ||    63
